 Dungeon Crawl Stone Soup version 0.30-a0-586-g23e55c9e0a (webtiles) character file.

Game seed: 16843346820621661225

108151 drugrobin the Black Belt (level 15, -14/192 HPs)
             Began as a Demigod Delver on Jan 4, 2023.
             Demolished by an alligator simulacrum (16 damage)
             ... summoned by an orange crystal statue
             ... in an ice cave.
             The game lasted 01:48:59 (27338 turns).

drugrobin the Black Belt (Demigod Delver)          Turns: 27338, Time: 01:49:00

Health: -14/192    AC: 14    Str: 13      XL:     15   Next: 53%
Magic:  18/18      EV: 18    Int: 23 (27) God:
Gold:   265        SH: 17    Dex: 31      Spells: 1/14 levels left

rFire   x . .      SeeInvis +      - Unarmed
rCold   + . .      Faith    .    B - +2 tower shield
rNeg    . . .      Spirit   .    m - +1 troll leather armour {Snorg}
rPois   +          Reflect  .    a - +2 hat {SInv}
rElec   +          Harm     .    d - +2 cloak "Fekyi" {Int+5}
rCorr   +          Rampage  +    X - +2 pair of gloves
Will    +....                    j - +0 pair of boots Stlth
                                 c - amulet of Arrival {Rampage rElec rPois Regen+ Stlth+}
HPRegen 2.12/turn                r - ring "Yshar" {Ice Stlth+}
MPRegen 0.16/turn                t - ring "Jiugg" {rCorr Int+6 Slay+5}

@: berserking (expiring), very quick
A: high MP 1, forlorn, divine attributes
a: no special abilities


You were in an ice cave.
You visited 3 branches of the dungeon, and saw 22 of its levels.
You visited the Abyss 1 time.
You also visited: Ice Cave.

You collected 2571 gold pieces.
You spent 2306 gold pieces at shops.

Inventory:

Hand Weapons
 b - a +2 dagger of venom
Missiles
 e - 3 curare-tipped darts
 L - 18 boomerangs (quivered)
Armour
 a - a +2 hat of see invisible (worn)
 d - the +2 cloak "Fekyi" (worn) {Int+5}
   (You found it on level 4 of the Lair of Beasts)

   Int:       It affects your intelligence (+5).
 j - a +0 pair of boots (worn)
 m - a +1 troll leather armour (worn) {Snorg}
 v - a +3 leather armour of fire resistance
 B - a +2 tower shield (worn)
 I - a +0 buckler
 X - a +2 pair of gloves (worn)
Jewellery
 c - the amulet of Arrival (around neck) {Rampage rElec rPois Regen+ Stlth+}
   (You bought it in a shop on level 2 of the Orcish Mines)

   [amulet of regeneration]

   rElec:     It insulates you from electricity.
   rPois:     It protects you from poison.
   Regen:     It increases your rate of health regeneration.
   Rampage:   It bestows one free step when moving towards enemies.
   Stlth:     It makes you more stealthy.
 r - the ring "Yshar" (left hand) {Ice Stlth+}
   (You found it on level 2 of the Dungeon)

   [ring of ice]

   It enhances your ice magic.
   rF:        It makes you vulnerable to fire.
   rC:        It protects you from cold.
   Stlth:     It makes you more stealthy.
 t - the ring "Jiugg" (right hand) {rCorr Int+6 Slay+5}
   (You found it on level 4 of the Lair of Beasts)

   [ring of intelligence]

   Int:       It affects your intelligence (+6).
   Slay:      It affects your accuracy & damage with ranged weapons and melee
   (+5).
   rCorr:     It protects you from acid and corrosion.
 w - a ring of protection from cold
 y - a +4 ring of protection
 J - a ring of willpower
Wands
 f - a wand of digging (6)
 s - a wand of charming (11)
 C - a wand of flame (12)
 N - a wand of roots (14)
 W - a wand of quicksilver (14)
Scrolls
 g - 3 scrolls of blinking
 h - 3 scrolls of vulnerability
 l - 13 scrolls of teleportation
 o - 2 scrolls of fog
 p - a scroll of enchant armour
 z - 4 scrolls of poison
 D - a scroll of silence
 F - a scroll of butterflies
 H - 2 scrolls of magic mapping
 Y - 7 scrolls of fear
Potions
 i - 3 potions of might
 k - 8 potions of curing
 n - 2 potions of cancellation
 q - a potion of ambrosia
 u - 2 potions of resistance
 x - 4 potions of lignification
 A - 4 potions of heal wounds
 E - a potion of brilliance {unknown}
 O - 2 potions of haste
 R - 4 potions of invisibility
 S - a potion of magic


   Skills:
 * Level 10.6 Fighting
 * Level 10.3 Dodging
 - Level 4.5 Stealth
 + Level 19.7 Unarmed Combat
 * Level 14.3 Necromancy


You had one spell level left.
You knew the following spells:

 Your Spells              Type           Power      Damage    Failure   Level
a - Wereblood             Tmut           0%         N/A       99%         2
b - Summon Small Mammal   Summ           0%         N/A       98%         1
c - Sublimation of Blood  Necr           60%        N/A       1%          2
d - Necromutation         Tmut/Necr      16%        N/A       100%        8

Your spell library contained the following spells:

 Spells                   Type           Power      Damage    Failure   Level
 Foxfire                  Conj/Fire      0%         2x1d4     98%         1
 Freeze                   Ice            0%         1d3       98%         1
 Call Canine Familiar     Summ           0%         N/A       100%        3
 Frozen Ramparts          Ice            0%         1d1       100%        3
 Hailstorm                Conj/Ice       0%         3d3       100%        3
 Ignite Poison            Fire/Tmut/Pois 0%         N/A       100%        3
 Inner Flame              Hex/Fire       0%         N/A       100%        3
 Ozocubu's Armour         Ice            0%         N/A       100%        3
 Summon Guardian Golem    Hex/Summ       0%         N/A       100%        3
 Tukima's Dance           Hex            0%         N/A       100%        3
 Cause Fear               Hex            0%         N/A       100%        4
 Flame Wave               Conj/Fire      0%         2d4       100%        4
 Passage of Golubria      Tloc           0%         N/A       100%        4
 Sticky Flame             Conj/Fire      0%         2d3       100%        4
 Summon Ice Beast         Ice/Summ       0%         N/A       100%        4
 Fireball                 Conj/Fire      0%         3d3       100%        5
 Metabolic Englaciation   Hex/Ice        0%         N/A       100%        5
 Summon Mana Viper        Hex/Summ       0%         N/A       100%        5
 Yara's Violent Unravell  Hex/Tmut       0%         3d3       100%        5
 Simulacrum               Ice/Necr       24%        N/A       100%        6
 Starburst                Conj/Fire      0%         6d3       100%        6
 Monstrous Menagerie      Summ           0%         N/A       100%        7
 Orb of Destruction       Conj           0%         9d5       100%        7
 Ozocubu's Refrigeration  Ice            0%         4d7       100%        7
 Spellforged Servitor     Conj/Summ      0%         N/A       100%        7
 Summon Hydra             Summ           0%         N/A       100%        7
 Borgnjor's Revivificati  Necr           30%        N/A       100%        8
 Discord                  Hex            0%         N/A       100%        8
 Ignition                 Fire           0%         3d3       100%        8
 Death's Door             Necr           30%        N/A       100%        9


Dungeon Overview and Level Annotations

Branches:
Dungeon (15/15)            Temple (0/1) D:7            Lair (5/5) D:10
  Swamp (0/4) Lair:3        Snake (0/4) Lair:3        Slime (0/5) Lair:4
    Orc (2/2) D:12            Elf (0/3) Orc:2        Vaults (0/5) D:13
 Depths (0/4) D:15          IceCv (1/1)

Shops:
D:2 [:[   D:3 (*   D:8 *   D:10 **   D:11 :   D:13 ?*?[(   Orc:2 *(*=*

Annotations:
D:9 Erolcha
D:10 exclusion: door, Maggie
D:14 1 runed translucent door
Lair:2 3 runed translucent doors, exclusion: 2 oklob plants, Jouwnead's ghost, journeyman DsBe; Soasmupu's ghost, journeyman HOFi; whiskeysaurus's ghost, journeyman TrWr
Lair:4 3 exclusions
Orc:1 2 transporters, Shayle's ghost, journeyman DsRe
Orc:2 2 transporters, p00ps00p's ghost, journeyman HOFi IceCv exclusion: orange crystal statue


Innate Abilities, Weirdness & Mutations

You have an increased reservoir of magic. (+10% MP)
You shall have no god before yourself.
Your divine heritage dramatically boosts your attributes as you level up.


Message History

Unknown command.
Unknown command.
Unknown command.
Unknown command.
Press: ? - help, v - describe, . - travel
Here: a lindwurm simulacrum (freezing vapour, summoned)
The floor.
Unknown command.
Unknown command.
You pummel the harpy simulacrum!!
The harpy simulacrum vaporises!
You block the alligator simulacrum's attack. x2
Unknown command.
Unknown command.
Unknown command.
Unknown command.
Unknown command.
Unknown command.
Unknown command.
Unknown command.
Unknown command.
You punch the lindwurm simulacrum!
The lindwurm simulacrum is heavily damaged.
You block the lindwurm simulacrum's attack. x3
Unknown command.
Unknown command.
Unknown command.
You pummel the lindwurm simulacrum!!
The lindwurm simulacrum vaporises!
You block the alligator simulacrum's attack.
The alligator simulacrum closely misses you.
Unknown command.
Unknown command.
Unknown command.
You pummel the alligator simulacrum!!
The alligator simulacrum is severely damaged.
The alligator simulacrum bites you!
* * * LOW HITPOINT WARNING * * *
The alligator simulacrum freezes you! You resist.
You die...

##### ## #####...##
##..###### ##........##
.......#.###..........#
#...W.°.Z.#..........##
#@..............#
###............#
###..........#
###.#....#8# ####..## #
#..## ##..## ##..#
##...#


You could see a freezing wraith and an alligator simulacrum (summoned).

Vanquished Creatures
  A tentacled starspawn (Abyss:2)
  Gastronok (Lair:1)
  Kirke (Lair:3)
  A deep elf sorcerer (Abyss:2)
  Louise (D:14)
  An orc warlord (Orc:1)
  A very ugly thing (Abyss:2)
  Nessos (D:12)
  Azrael (Orc:2)
  Snorg (Lair:3)
  Josephine (Lair:3)
  A fire dragon (D:12)
  4 vault guards
  An ice dragon (D:15)
  4 catoblepae
  9 hydras
  4 centaur warriors
  4 boulder beetles
  9 death yaks
  3 two-headed ogres
  2 tengu warriors (D:14)
  Urug (Lair:3)
  2 orc high priests
  Sonja (Orc:1)
  A skeletal warrior (D:13)
  2 sixfirhies (Abyss:2)
  A storm dragon skeleton (Abyss:2)
  2 wizards (D:14)
  2 bog bodies (Lair:3)
  2 spriggan simulacra (IceCv)
  2 lindwurms
  An obsidian statue (IceCv)
  A mana viper (Abyss:2)
  An orc knight (Orc:1)
  3 deep elf pyromancers
  Pikel (D:4)
  5 orc sorcerers
  6 ugly things
  2 manticores (Lair:5)
  2 wolf spiders (Lair:1)
  4 cyclopes
  Maurice (D:8)
  8 black mambas
  6 torpor snails (Lair:4)
  11 elephants
  9 cane toads
  2 large abominations (Abyss:2)
  A gargoyle (D:13)
  5 rime drakes
  An unseen horror (D:12)
  17 komodo dragons
  A freezing wraith (D:14)
  3 ice devils (IceCv)
  A tengu conjurer (D:13)
  An ancient zyme (Abyss:2)
  Grinder (D:3)
  5 trolls
  5 raiju (Abyss:2)
  A hornet (D:9)
  5 polar bears
  Prince Ribbit (D:6)
  16 blink frogs
  2 dream sheep (Lair:4)
  9 slime creatures
  3 water elementals (D:13)
  2 vampires (D:12)
  7 wraiths
  2 ynoxinuls (Abyss:2)
  4 wyverns
  39 yaks
  6 fire bats
  2 hogs (Lair:3)
  5 fire elementals
  A chaos spawn (Abyss:2)
  4 vampire mosquitoes (D:12)
  4 basilisks
  2 minotaur simulacra (IceCv)
  Edmund (D:5)
  4 nagas (Lair:3)
  6 wargs (Orc:1)
  2 harpy simulacra (IceCv)
  6 acid dragons
  2 floating eyes (D:10)
  3 hell hounds (Orc:2)
  25 orc warriors
  18 water moccasins
  2 black bears
  8 ice beasts
  A sky beast (D:8)
  5 ogres
  5 boggarts (D:14)
  10 centaurs
  29 wolves
  A small abomination (Abyss:2)
  4 kobold brigands
  2 lemures
  A phantom (D:6)
  A gnoll sergeant (D:6)
  10 bullfrogs
  2 necrophages (D:6)
  A deep troll simulacrum (IceCv)
  A scorpion (D:5)
  An earth elemental (Abyss:2)
  9 wights
  20 killer bees
  2 electric eels (D:13)
  9 howler monkeys
  A crimson imp (Abyss:2)
  A hound (D:4)
  Crazy Yiuf (D:5)
  33 orc priests
  3 starcursed masses (Abyss:2)
  3 gnoll boudas
  Jessica (D:3)
  Ijyb (D:3)
  Natasha (thrice) (D:3)
  38 orc wizards
  7 hell rats
  16 gnolls
  3 adders
  2 white imps
  An ufetubus (D:3)
  A worm (D:3)
  A dart slug (D:2)
  109 orcs
  7 ball pythons
  7 endoplasms
  3 giant cockroaches
  13 goblins
  10 hobgoblins
  5 jackals
  4 quokkas
  3 bats
  3 frilled lizards
  8 kobolds
  3 rats
  4 bushes
773 creatures vanquished.

Vanquished Creatures (collateral kills)
  An acid dragon (D:8)
  An orc (D:8)
  A kobold (D:12)
3 creatures vanquished.

Vanquished Creatures (others)
  A kobold demonologist (D:12)
  A human (Lair:3)
  A gnoll sergeant (D:8)
  25 fungi
  47 plants
  5 starspawn tentacles (Abyss:2)
  4 withered plants (Lair:2)
84 creatures vanquished.

Grand Total: 860 creatures vanquished

Notes
Turn   | Place    | Note
-------+----------+-------------------------------------------
     0 | D:5      | drugrobin the Demigod Delver began the quest for the Orb.
     0 | D:5      | Reached XP level 1. HP: 18/18 MP: 3/3
   151 | D:3      | Found Osoyst's Antique Weapon Shop.
   174 | D:3      | Reached skill level 2 in Unarmed Combat
   353 | D:1      | Reached XP level 2. HP: 21/25 MP: 4/4
   733 | D:2      | Reached skill level 3 in Unarmed Combat
   743 | D:2      | Found Vaef's Armour Boutique.
   787 | D:2      | Found Ulikuit's Antique Armour Boutique.
   815 | D:2      | Identified the ring "Yshar" {Ice Stlth+}
   973 | D:2      | Reached XP level 3. HP: 30/30 MP: 5/5
  1582 | D:2      | Found Duoriwky's Book Emporium.
  1588 | D:2      | Reached skill level 4 in Unarmed Combat
  1664 | D:3      | Reached XP level 4. HP: 37/37 MP: 6/6
  1695 | D:3      | Noticed Ijyb
  1765 | D:3      | Killed Ijyb
  1879 | D:3      | Noticed Jessica
  1901 | D:3      | HP: 1/37 [Jessica/+5 club (7)]
  1902 | D:3      | Killed Jessica
  1903 | D:3      | Reached skill level 5 in Unarmed Combat
  1903 | D:3      | Reached XP level 5. HP: 3/42 MP: 7/7
  1976 | D:3      | Noticed a balrug
  2025 | D:3      | Noticed Grinder
  2279 | D:3      | Noticed Natasha
  2287 | D:3      | Killed Natasha
  2328 | D:3      | Noticed Natasha
  2338 | D:3      | Killed Natasha
  2484 | D:3      | Noticed Natasha
  2487 | D:3      | Found Dopetoovva's General Store.
  2502 | D:3      | Killed Natasha
  2509 | D:3      | Bought a potion of curing for 33 gold pieces
  2509 | D:3      | Bought a scroll of teleportation for 33 gold pieces
  2593 | D:4      | Reached skill level 6 in Unarmed Combat
  3085 | D:5      | Noticed Pikel
  3167 | D:4      | Killed Pikel
  3168 | D:4      | Reached skill level 7 in Unarmed Combat
  3168 | D:4      | Reached XP level 6. HP: 25/50 MP: 8/8
  3168 | D:4      | Reached XP level 7. HP: 28/56 MP: 9/9
  3242 | D:5      | Reached skill level 8 in Unarmed Combat
  3594 | D:5      | Noticed Edmund
  3597 | D:5      | Identified the +3 hammer of the Usurping Gods {venom, Fly
                  | rC- Dex+5}
  3621 | D:5      | Killed Edmund
  3719 | D:5      | Found a runed translucent door.
  3720 | D:5      | Noticed Crazy Yiuf
  3798 | D:6      | Reached skill level 9 in Unarmed Combat
  3850 | D:6      | Reached XP level 8. HP: 33/62 MP: 10/10
  3988 | D:6      | Reached skill level 10 in Unarmed Combat
  4102 | D:6      | Noticed Prince Ribbit
  4118 | D:6      | Killed Prince Ribbit
  4132 | D:6      | Reached skill level 11 in Unarmed Combat
  4641 | D:6      | Reached XP level 9. HP: 53/68 MP: 11/11
  5303 | D:7      | Found a staircase to the Ecumenical Temple.
  5316 | D:7      | Identified the +5 flail of Zeip {heavy, rC+ rCorr Str+2
                  | Dex+3}
  5849 | D:8      | Reached skill level 12 in Unarmed Combat
  6120 | D:8      | Noticed Maurice
  6161 | D:8      | Killed Maurice
  6275 | D:8      | Reached skill level 13 in Unarmed Combat
  6523 | D:8      | Found Voataeqan's Assorted Antiques.
  6536 | D:8      | Bought a scroll labelled XYHIPATIHA for 28 gold pieces
  6536 | D:8      | Bought a scroll labelled XYHIPATIHA for 28 gold pieces
  6536 | D:8      | Bought a scroll labelled XUESCH VOCH for 28 gold pieces
  6536 | D:8      | Bought a scroll labelled XYHIPATIHA for 28 gold pieces
  6536 | D:8      | Bought a scroll labelled ZEM OPHIREIPP for 28 gold pieces
  6844 | D:3      | Killed Grinder
  6955 | D:2      | Bought a +1 cloak of willpower for 165 gold pieces
  7079 | D:5      | Killed Crazy Yiuf
  7362 | D:9      | Noticed Erolcha
  7362 | D:9      | Noticed a kobold demonologist
  7460 | D:9      | Reached XP level 10. HP: 72/74 MP: 11/13
  7467 | D:9      | Identified a scroll of acquirement
  7477 | D:9      | Acquired a manual of Necromancy
  7554 | D:9      | Identified the +2 hand axe "Danaoz" {protect, rN+ rCorr
                  | Int-3}
  7594 | D:9      | Found a large runed translucent door.
  7595 | D:9      | Found a large runed translucent door.
  7629 | D:9      | Reached skill level 14 in Unarmed Combat
  8243 | D:10     | Entered Level 10 of the Dungeon
  8284 | D:10     | Found Jiefioth's General Store.
  8285 | D:10     | Noticed Maggie
  8485 | D:10     | Found Mesiwukh's Specific Store.
  8491 | D:10     | Bought a scroll of vulnerability for 48 gold pieces
  8595 | D:10     | Reached skill level 15 in Unarmed Combat
  8628 | D:10     | Found a staircase to the Lair.
  8659 | D:10     | Noticed a two-headed ogre
  8669 | D:10     | Killed a two-headed ogre
  8767 | D:10     | Noticed a +0 hand axe
  8767 | D:10     | Noticed a +0 dagger
  9106 | D:10     | Reached XP level 11. HP: 81/81 MP: 14/14
  9198 | D:10     | Reached skill level 16 in Unarmed Combat
  9343 | D:10     | Paralysed by a floating eye for 4 turns
 10122 | D:11     | Found Likh's Book Emporium.
 10150 | D:11     | Noticed a two-headed ogre
 10163 | D:11     | Killed a two-headed ogre
 10241 | D:11     | Identified the ring "Nattyfro" {Will- Str+4 Dex+6 SInv}
 10370 | D:12     | Noticed a boulder beetle
 10390 | D:12     | Killed a boulder beetle
 10465 | D:12     | Reached skill level 17 in Unarmed Combat
 10527 | D:12     | Noticed a boulder beetle
 10569 | D:12     | Killed a boulder beetle
 10692 | D:12     | Noticed a fire dragon
 10692 | D:12     | Identified the +10 demon whip of Anxiety {flame, rElec}
 10732 | D:12     | Killed a fire dragon
 11128 | D:12     | Found a staircase to the Orcish Mines.
 11549 | D:12     | Noticed Nessos
 11564 | D:12     | HP: 4/81 [poisoned by Nessos]
 11578 | D:12     | Killed Nessos
 11933 | D:12     | Reached skill level 18 in Unarmed Combat
 12242 | Lair:1   | Entered Level 1 of the Lair of Beasts
 12368 | Lair:1   | Reached XP level 12. HP: 88/88 MP: 15/15
 12582 | Lair:1   | Noticed Gastronok
 12635 | Lair:1   | Killed Gastronok
 13405 | Lair:1   | Identified the +10 trident of Febibb {flame, Fragile rPois
                  | rC+ Dex+3}
 13677 | Lair:1   | Reached skill level 19 in Unarmed Combat
 13926 | Lair:2   | Found a runed translucent gate.
 13927 | Lair:2   | Found a runed translucent gate.
 13929 | Lair:2   | Found a runed translucent gate.
 13964 | Lair:2   | Learned a level 2 spell: Wereblood
 13966 | Lair:2   | Learned a level 1 spell: Summon Small Mammal
 14124 | Lair:2   | Noticed a six-headed hydra
 14587 | Lair:2   | Noticed a seven-headed hydra
 14598 | Lair:2   | Killed a seven-headed hydra
 14829 | Lair:2   | Noticed Soasmupu's ghost (journeyman HOFi)
 14830 | Lair:2   | Noticed whiskeysaurus's ghost (journeyman TrWr)
 14831 | Lair:2   | Noticed Jouwnead's ghost (journeyman DsBe)
 14831 | Lair:2   | Found the +10 zealot's sword {holy, *Rage rN+ EV+3}
 15057 | Lair:3   | Noticed Snorg
 15143 | Lair:3   | Found a staircase to the Swamp.
 15498 | Orc:1    | Entered Level 1 of the Orcish Mines
 15660 | Orc:1    | Noticed Sonja
 15674 | Orc:1    | Killed Sonja
 15907 | Orc:1    | Reached skill level 5 in Fighting
 16421 | Orc:1    | Reached skill level 5 in Dodging
 16547 | Orc:1    | Learned a level 2 spell: Sublimation of Blood
 16588 | Orc:1    | Reached skill level 1 in Necromancy
 16588 | Orc:1    | Reached XP level 13. HP: 101/101 MP: 16/16
 16640 | Orc:1    | Noticed an orc warlord
 16695 | Orc:1    | Killed an orc warlord
 16922 | Orc:1    | Found a transporter.
 16942 | Orc:1    | Found a transporter.
 16995 | Orc:1    | Noticed Shayle's ghost (journeyman DsRe)
 17130 | Orc:2    | Entered Level 2 of the Orcish Mines
 17162 | Orc:2    | Found Foiduikk's Assorted Antiques.
 17169 | Orc:2    | Bought 2 scrolls of identify for 160 gold pieces
 17359 | Orc:2    | Found a staircase to the Elven Halls.
 17683 | Orc:2    | Reached skill level 5 in Necromancy
 18006 | Orc:2    | Found a transporter.
 18009 | Orc:2    | Noticed p00ps00p's ghost (journeyman HOFi)
 18011 | Orc:2    | Found a transporter.
 18102 | Orc:2    | Found Fumor's Jewellery Emporium.
 18102 | Orc:2    | Found Wucvy's Assorted Antiques.
 18103 | Orc:2    | Found Rughuil's General Store.
 18107 | Orc:2    | Found Cogitzam's Antique Weapon Shoppe.
 18110 | Orc:2    | Bought the amulet of Arrival {Rampage rElec rPois Regen+
                  | Stlth+} for 663 gold pieces
 18141 | Orc:2    | Bought a bubbling clear potion for 32 gold pieces
 18141 | Orc:2    | Bought a bubbling clear potion for 32 gold pieces
 18143 | Orc:2    | Bought a scroll of identify for 32 gold pieces
 18336 | Orc:2    | Noticed Azrael
 18364 | Orc:2    | Killed Azrael
 18880 | Lair:3   | Noticed Urug
 18896 | Lair:3   | Killed Urug
 19028 | Lair:3   | Found a staircase to the Snake Pit.
 19310 | Lair:4   | Found a staircase to the Slime Pits.
 20215 | Lair:4   | Reached skill level 10 in Necromancy
 20450 | Lair:4   | Identified the ring "Jiugg" {rCorr Int+6 Slay+5}
 20461 | Lair:4   | Identified the +2 cloak "Fekyi" {Int+5}
 20827 | Lair:5   | Entered Level 5 of the Lair of Beasts
 20861 | Lair:4   | Reached XP level 14. HP: 114/114 MP: 17/17
 22532 | Lair:3   | Noticed Josephine
 22557 | Lair:3   | Killed Josephine
 22631 | Lair:3   | Killed Snorg
 22667 | Lair:3   | Noticed Kirke
 22684 | Lair:3   | Killed Kirke
 23629 | D:3      | Bought a Necronomicon for 616 gold pieces
 23629 | D:3      | Bought a scroll of vulnerability for 44 gold pieces
 23629 | D:3      | Bought a scroll of enchant armour for 82 gold pieces
 23638 | D:3      | Learned a level 8 spell: Necromutation
 23890 | D:13     | Found a gate to the Vaults.
 24313 | D:13     | Found Poedaut's Magic Scroll Boutique.
 24419 | D:13     | Reached XP level 15. HP: 96/125 MP: 18/18
 24591 | D:13     | Found Oxte's General Store.
 24613 | D:13     | Bought a scroll of identify for 22 gold pieces
 24613 | D:13     | Bought a scroll of fear for 44 gold pieces
 24789 | D:13     | Found Zesiol's Armour Shop.
 24850 | D:13     | Found Nefuq's Weapon Shoppe.
 24951 | D:13     | Bought a scroll of noise for 16 gold pieces
 24951 | D:13     | Bought a scroll of butterflies for 64 gold pieces
 24951 | D:13     | Bought a scroll of teleportation for 48 gold pieces
 24951 | D:13     | Bought a scroll of identify for 32 gold pieces
 25058 | D:13     | Found Lalyatos's Magic Scroll Shop.
 25230 | D:14     | Noticed Louise
 25256 | D:14     | Killed Louise
 25655 | D:14     | Found a runed translucent door.
 25718 | Abyss:2  | Cast into level 2 of the Abyss (a wizard)
 25879 | Abyss:2  | Reached skill level 10 in Fighting
 25885 | Abyss:2  | Noticed a bone dragon
 26040 | Abyss:2  | Noticed a tentacled starspawn
 26142 | Abyss:2  | Noticed a tentacled starspawn
 26341 | Abyss:2  | Noticed a lich
 26435 | Abyss:2  | Noticed a tentacled starspawn
 26450 | Abyss:2  | Killed a tentacled starspawn
 26459 | Abyss:2  | Reached skill level 10 in Dodging
 26481 | Abyss:2  | Paralysed by accursed screaming for 1 turns
 26503 | D:14     | Escaped the Abyss
 26931 | D:15     | Entered Level 15 of the Dungeon
 27076 | D:15     | Found a frozen archway.
 27093 | IceCv    | Entered an ice cave
 27331 | IceCv    | HP: 4/192 [harpy simulacrum (8)]
 27338 | IceCv    | HP: 2/192 [alligator simulacrum[an orange crystal statue]
                  | (12)]
 27338 | IceCv    | Demolished by an alligator simulacrum

Illustrated notes

Levels and vault maps discovered:
D:1:      dpeg_arrival_three_same_balls, layout_basic, dk_noncrumbling_4
D:2:      layout_rooms, serial_shops, shop, nicolae_shop_waterfront,
          nicolae_shop_trees, basic_altar, minivault_26, wad_orctagon
D:3:      layout_loops_cross, makhleb_altar_promises_db,
          mainiacjoe_overflow_tiny_flanked, nicolae_overflow_ecumenical_swirl,
          serial_shops, nicolae_shop_advertising_works
          [nicolae_subvault_shop_adworks], nicolae_lakefront_shop,
          minmay_randomly_rotated_circles, uniq_ijyb, uniq_natasha,
          uniq_jessica, uniq_grinder
D:4:      layout_basic, mainiacjoe_overflow_catwalk, minmay_liquid_box,
          minivault_25
D:5:      layout_cave_pools, uniq_pikel, uniq_crazy_yiuf_cottage, uniq_edmund
D:6:      layout_basic, fedhas_bush_and_centaur_altar,
          mainiacjoe_overflow_alcove_4,
          mainiacjoe_overflow_concentric_impassable, uniq_prince_ribbit1
D:7:      layout_loops_cross, temple_fountains, minmay_misc_feat_doors
D:8:      layout_gridville, nicolae_overflow_hidden_temple, serial_shops,
          nicolae_shop_waterfront, minmay_joined_circles, uniq_maurice
D:9:      layout_loops_ring, jmf_multi_god_temple2, uniq_erolcha
D:10:     hellmonk_paralyzer, layout_loops_corners, dancing_weapons_uskayaw,
          chequers_temple_overflow_statue_of_worship, hellmonk_lair_entry_icy,
          nicolae_specific_store, grunt_ministairs_14, uniq_maggie
D:11:     layout_loops_ring, serial_shops, shop_statue, zin_statuary
D:12:     minmay_firetagon, layout_cave_pods, hiddenorc2_lemuel, uniq_nessos
D:13:     layout_basic, lightli_vaults_fourway_checkpoint, serial_shops,
          nicolae_shop_stone, kennysheep_mini, nicolae_shop_behind_doors,
          nicolae_inconvenience_store, shop, hangedman_abyss_or_decor_passed
D:14:     layout_loops_ring, minmay_st_funbox, uniq_louise
D:15:     gammafunk_enter_depths_forms, layout_gridville,
          minmay_misc_feat_alley, portal_ice_cave_entry_dragon, minivault_13
Lair:1:   layout_hall_layers, minmay_hedge_maze,
          nicolae_lair_run_with_the_wolves, uniq_gastronok
Lair:2:   layout_regular_city, gammafunk_ghost_cemetery, hangedman_tree_tricks,
          serial_bayou_shore_b
Lair:3:   layout_layer_cave, skrybe_swamp_entry_bodies,
          minmay_snake_entry_guardpost_small, serial_bayou_pond_c,
          chequers_serial_rivers_small_3, uniq_josephine, uniq_urug, uniq_kirke,
          uniq_snorg
Lair:4:   nzn_winding_woodlands_large [nzn_winding_woodlands_5x5_closed_star,
          nzn_winding_woodlands_5x15_lazy_stream,
          nzn_winding_woodlands_hourglass,
          nzn_winding_woodlands_center_diamonds,
          nzn_winding_woodlands_15x15_thick_spiral,
          nzn_winding_woodlands_center_garden,
          nzn_winding_woodlands_5x5_checkerboard,
          nzn_winding_woodlands_5x15_sidewinder,
          nzn_winding_woodlands_5x5_cross], layout_regular_city, slime_entry_1,
          chequers_serial_rivers_small_b, serial_bayou_pond_e, lemuel_fruit_tree
Lair:5:   evilmike_catoblepas_cave, layout_cave_pods,
          infiniplex_staircase_pool_2, grunt_megastairs_3
Orc:1:    cheibrodos_orc_guarddog, layout_diamond_mine,
          gammafunk_ghost_berserking_beasts, basic_altar, minmay_orc_temple_c,
          uniq_sonja
Orc:2:    st_orc_mages, layout_caves, serial_shops,
          nicolae_shop_overgrown_old_shop, gammafunk_ghost_arena, uniq_azrael
IceCv:    ice_cave_small_demon

Skill      XL: |  1  2  3  4  5  6  7  8  9 10 11 12 13 14 15 |
---------------+----------------------------------------------+-----
Unarmed Combat | 2 3 4 5 7 9 11 13 15 18 19 | 19.7
Dodging        | 5 7 9 10 | 10.3
Fighting       | 5 7 9 10 | 10.6
Necromancy     | 1 10 13 14 | 14.3
Stealth        | |  4.5

Action                   |  1- 3 |  4- 6 |  7- 9 | 10-12 | 13-15 || total
-------------------------+-------+-------+-------+-------+-------++-------
Melee: Unarmed           |   169 |   243 |   273 |  1046 |  1686 ||  3417
       Punch             |     4 |     8 |     3 |       |       ||    15
       Mace              |       |       |    97 |     1 |       ||    98
       Dagger            |       |       |       |    69 |    10 ||    79
       Flail             |       |       |       |     3 |       ||     3
 Fire: Sling             |       |       |    80 |       |       ||    80
Throw: Boomerang         |       |       |    19 |    51 |    64 ||   134
       Dart              |       |       |       |    11 |    10 ||    21
 Cast: Summon Small Mamm |       |       |       |     7 |       ||     7
Evoke: Wand              |       |       |    13 |    18 |     3 ||    34
  Use: Scroll            |       |       |       |    16 |    15 ||    31
       Potion            |       |       |       |     2 |     2 ||     4
 Stab: Sleeping          |     8 |     3 |     6 |    12 |    16 ||    45
       Distracted        |       |       |     2 |     1 |     5 ||     8
       Betrayed ally     |       |       |     1 |       |       ||     1
       Petrified         |       |       |       |       |     6 ||     6
Armor: Leather armour    |    12 |       |       |    38 |    15 ||    65
       Troll leather arm |    21 |    32 |   113 |   194 |   436 ||   796
Dodge: Dodged            |    97 |   201 |   334 |   511 |  1132 ||  2275
Block: Buckler           |       |       |    89 |   198 |   278 ||   565
       Tower shield      |       |       |       |       |   392 ||   392

Table legend: (Time is in decaauts)
 A = Elapsed time spent in this place.
 B = Non-inter-level travel time spent in this place.
 C = Inter-level travel time spent in this place.
 D = Time resting spent in this place.
 E = Time spent auto-exploring this place.
 F = Levels seen in this place.
 G = Mean time per level.
                   A        B        C        D        E       F      G
               +--------+--------+--------+--------+--------+-----+--------+
         Total |  26833 |  24719 |   2114 |   1714 |  13975 |  24 | 1118.0 |
       Dungeon |  15112 |  13490 |   1622 |    573 |   8604 |  15 | 1007.5 |
          Lair |   7671 |   7264 |    407 |    392 |   4250 |   5 | 1534.2 |
  Orcish Mines |   2994 |   2910 |     84 |    570 |   1071 |   2 | 1497.0 |
         Abyss |    803 |    803 |      0 |    133 |     25 |   1 |  803.0 |
      Ice Cave |    251 |    251 |      0 |     45 |     24 |   1 |  251.0 |
               +--------+--------+--------+--------+--------+-----+--------+

Top non-repeatable levels by time:
    D:12: 2014 daAuts
  Lair:4: 1832 daAuts
   Orc:1: 1741 daAuts
  Lair:1: 1687 daAuts
  Lair:3: 1542 daAuts
     D:6: 1526 daAuts
  Lair:5: 1487 daAuts
    D:10: 1437 daAuts
     D:3: 1327 daAuts
   Orc:2: 1253 daAuts
    D:13: 1215 daAuts
     D:8: 1136 daAuts
  Lair:2: 1122 daAuts
    D:14: 1032 daAuts
     D:9: 967 daAuts
